 Dungeon Crawl Stone Soup version 0.27.0-1-g7a089689b8 (webtiles) character file.

Game seed: 5834373021529129841

88 dracos369 the Magician (level 4, -1/31 HPs)
             Began as a Djinni Air Elementalist on July 31, 2021.
             Was a Follower of Wu Jian.
             Slain by an adder (2 damage)
             ... on level 3 of the Dungeon.
             The game lasted 00:06:38 (2656 turns).

dracos369 the Magician (Djinni Air Elementalist)    Turns: 2656, Time: 00:06:38

Health: -1/31      AC:  3    Str:  7    XL:     4   Next: 82%
Gold:   114        EV: 12    Int: 17    God:    Wu Jian [*.....] SH:  4 Dex: 14

rFire    + + .     SeeInvis .   c - +0 short sword
rCold    x . .     Faith    .   b - +0 buckler
rNeg     . . .     Spirit   .   a - +0 robe
rPois    ∞         Reflect  .   (no helmet)
rElec    .         Harm     .   (no cloak)
rCorr    .         Rampage  .   d - +0 pair of gloves
Will     .....                  (boots unavailable)
Stlth    ++........             (no amulet)
HPRegen  0.10/turn              (no ring)
MPRegen  0.00/turn              (no ring)

@: flying, very slightly contaminated
A: sickness immunity, fire resistance 2, cold vulnerability 1, float, innate
caster, hp casting, extra vitality 1
a: Renounce Religion


You were on level 3 of the Dungeon.
You worshipped Wu Jian.
Wu Jian was aware of your devotion.
You visited 1 branch of the dungeon, and saw 3 of its levels.

You collected 114 gold pieces.

Inventory:

Hand Weapons
 c - a +0 short sword (weapon)
Armour
 a - a +0 robe (worn)
 b - a +0 buckler (worn)
 d - a +0 pair of gloves (worn)
Scrolls
 e - a scroll of identify {unknown}
 f - a scroll of vulnerability {unknown}
 g - a scroll of fog {unknown}
 h - a scroll of magic mapping {unknown}
 i - a scroll of teleportation {unknown}
 j - a scroll of fear {unknown}


   Skills:
 - Level 2.2 Dodging
 - Level 1.6 Stealth
 + Level 2.5 Shields
 + Level 3.3 Spellcasting


You couldn't memorise any spells.
You knew the following spells:

 Your Spells              Type           Power      Damage    Failure   Level
a - Airstrike             Air            7%         N/A       45%         4
d - Static Discharge      Conj/Air       14%        N/A       8%          2
e - Sting                 Tmut/Pois      56%        1d5       4%          1
z - Shock                 Conj/Air       56%        1d6       4%          1
S - Swiftness             Air            14%        N/A       16%         3
Your spell library was empty.

Dungeon Overview and Level Annotations

Branches:
Dungeon (3/15)

Altars:
Wu Jian
Xom


Innate Abilities, Weirdness & Mutations

You are immune to sickness and miasma.
You are immune to poison.
Your flesh is very heat resistant. (rF++)
You are vulnerable to cold. (rC-)
You float through the air rather than walking.
You learn spells naturally, not from books.
Your magical power is your life essence.
You have superior vitality. (+4 HP)


Message History

You aren't carrying any potions.
You spin and attack the adder.
You miss the adder.
The adder is moderately wounded.
The adder barely misses you.
Things that are here:
a +0 dagger; a goblin corpse
Aiming: Shock (safe; 4% risk of failure)
Press: ? - help, Q - select action, (/) - cycle Shift-Dir - straight line You miscast Shock.
You are very lightly contaminated with residual magic.
Nothing appears to happen.
* * * LOW HITPOINT WARNING * * *
The adder closely misses you. The adder barely misses you.
Aiming: Shock (safe; 4% risk of failure)
Press: ? - help, Q - select action, (/) - cycle Shift-Dir - straight line You miscast Shock.
Nothing appears to happen.
* * * LOW HITPOINT WARNING * * *
The adder completely misses you.
Unknown command.
Aiming: Shock (safe; 4% risk of failure)
Press: ? - help, Q - select action, (/) - cycle Shift-Dir - straight line The zap hits the adder.
The adder is moderately wounded.
The zap misses the adder.
* * * LOW HITPOINT WARNING * * *
The adder bites you.
* * * LOW HITPOINT WARNING * * *
You barely miss the adder.
The adder is moderately wounded.
You block the adder's attack. x2
You closely miss the adder.
The adder is moderately wounded.
The adder barely misses you.
You closely miss the adder.
The adder is moderately wounded.
The adder bites you but does no damage. The adder closely misses you.
You hit the adder but do no damage.
The adder is moderately wounded.
The adder bites you.
You die...

##
..#########
#.#.......
#.#.....#
......(#
......#
.######.)...#
......S<)...#
#######@....#
#.....#
#.>...#
#.....#
#######


You could see an adder.

Vanquished Creatures
  3 adders (D:2)
  A gnoll (D:1)
  A worm (D:2)
  A dart slug (D:1)
  3 orcs
  5 ball pythons
  3 bats
  2 endoplasms
  2 giant cockroaches
  5 goblins
  7 hobgoblins
  3 kobolds
  5 frilled lizards
  A rat (D:1)
42 creatures vanquished.

Vanquished Creatures (others)
  2 fungi (D:1)
  2 plants (D:1)
4 creatures vanquished.

Grand Total: 46 creatures vanquished

Notes
Turn   | Place    | Note
-------+----------+-------------------------------------------
     0 | D:1      | dracos369 the Djinni Air Elementalist began the quest for
                  | the Orb.
     0 | D:1      | Reached XP level 1. HP: 15/15 MP: 0/0
   407 | D:1      | Reached XP level 2. HP: 20/21 MP: 0/0
   684 | D:1      | Reached skill level 1 in Shields
   826 | D:1      | Found a faded altar of an unknown god.
   838 | D:1      | Got Plato's Incunabulum of Moulding
   841 | D:1      | Became a worshipper of the Wu Jian Council
   841 | D:1      | Reached * piety under Wu Jian
   854 | D:1      | Reached XP level 3. HP: 20/25 MP: 0/0
   854 | D:1      | Learned a level 1 spell: Sting
  1323 | D:1      | Reached skill level 3 in Spellcasting
  1766 | D:2      | Reached XP level 4. HP: 28/31 MP: 0/0
  1823 | D:2      | Found a shimmering altar of Xom.
  2652 | D:3      | HP: 1/31 [adder (2)]
  2656 | D:3      | Slain by an adder

Illustrated notes

Levels and vault maps discovered:
D:1:      minmay_arrival_doors, layout_basic,
          shapermc_ecumenical_altar_rom_forum, minmay_crystal_room
D:2:      layout_loops_ring, basic_altar
D:3:      layout_rooms, chequers_serial_rivers_micro_b, uniq_ijyb

Skill      XL: |  1  2  3  4 |
---------------+-------------+-----
Shields        | 1 2 |  2.5
Spellcasting   | 3 |  3.3
Dodging        | |  2.2
Stealth        | |  1.6

Action                   |  1- 3 |  4- 6 || total
-------------------------+-------+-------++-------
Melee: Unarmed           |     1 |       ||     1
       Short sword       |    15 |    18 ||    33
 Cast: Shock             |    45 |    26 ||    71
       Static Discharge  |     3 |     4 ||     7
Invok: Lunge             |     4 |     5 ||     9
       Whirlwind         |       |     1 ||     1
 Stab: Sleeping          |     1 |     2 ||     3
Armor: Robe              |     2 |    10 ||    12
Dodge: Dodged            |    10 |    24 ||    34
Block: Buckler           |     4 |     6 ||    10
